 Dungeon Crawl Stone Soup version 0.23.2-40-g277498a001 (webtiles) character file.

Game seed: 4766473815120836542

227 BreadTh the Magician (level 5, -2/25 HPs)
             Began as a Spriggan Wizard on Sept 6, 2019.
             Slain by an orc
             ... wielding a +0 club
              (5 damage)
             ... on level 4 of the Dungeon on Sept 8, 2019.
             The game lasted 00:11:50 (4329 turns).

BreadTh the Magician (Spriggan Wizard)              Turns: 4329, Time: 00:11:51

Health: -2/25      AC:  3    Str:  7    XL:     5   Next: 70%
Magic:  0/13       EV: 19    Int: 21    God:
Gold:   19         SH:  0    Dex: 14    Spells: 0/13 levels left

rFire    . . .     SeeInvis +   h - +1 dagger
rCold    . . .     Gourm    .   (shield restricted)
rNeg     . . .     Faith    .   a - +0 robe
rPois    .         Spirit   .   b - +0 hat
rElec    .         Reflect  .   e - +0 cloak
rCorr    .         Harm     .   (gloves unavailable)
MR       .....                  (boots unavailable)
Stlth    +++.......             (no amulet)
HPRegen  0.08/turn              s - +4 ring of strength
MPRegen  0.13/turn              (no ring)

@: lethally poisoned (-2 -> -3), very quick
A: very small, unfitting armour, see invisible, herbivore, speed 3, slow
metabolism 2
a: no special abilities


You were on level 4 of the Dungeon.
You were not hungry.

You visited 1 branch of the dungeon, and saw 4 of its levels.

You collected 19 gold pieces.

Inventory:

Hand Weapons
 h - a +1 dagger (weapon)
Missiles
 k - 76 stones (quivered)
Armour
 a - a +0 robe (worn)
 b - a +0 hat (worn)
 e - a +0 cloak (worn)
Jewellery
 s - a +4 ring of strength (left hand)
Wands
 c - a wand of clouds (6)
 p - a wand of paralysis (9)
Scrolls
 f - 4 scrolls of identify
 g - a scroll of enchant weapon
Potions
 i - a potion of agility {unknown}
 l - 3 potions of cancellation
 m - a potion of mutation {unknown}
 o - a potion of might {unknown}
 q - a potion of curing {unknown}
 r - a potion of flight {unknown}
Comestibles
 d - 8 rations


   Skills:
 - Level 1.1 Fighting
 + Level 4.5 Dodging
 + Level 4.7 Stealth
 + Level 4.9 Spellcasting
 * Level 2.5 Conjurations
 + Level 0.2 Hexes
   Level 0.7 Summonings
 - Level 1.5 Translocations


You couldn't memorise any spells.
You knew the following spells:

 Your Spells              Type           Power        Failure   Level  Hunger
a - Magic Dart            Conj           ###.         3%          1    None
b - Blink                 Tloc           N/A          9%          2    None
c - Mephitic Cloud        Conj/Pois/Air  #.......     22%         3    ##.....
d - Conjure Flame         Conj/Fire      ##......     19%         3    ##.....
e - Confuse               Hex            #.......     30%         3    ##.....
f - Shock                 Conj/Air       ##..         6%          1    None

Your spell library contained the following spells:

 Spells                   Type           Power        Failure   Level  Hunger
 Confusing Touch          Hex            #.....       10%         1    None
 Call Imp                 Summ           #.......     12%         2    None
 Slow                     Hex            #.......     16%         2    None
 Gell's Gravitas          Tloc           ##........   17%         3    ##.....
 Petrify                  Tmut/Erth      #.......     73%         4    ####...
 Metabolic Englaciation   Hex/Ice        #.........   96%         5    #####..
 Yara's Violent Unravell  Hex/Tmut       #.........   96%         5    #####..


Dungeon Overview and Level Annotations

Branches:
Dungeon (4/15)
 Temple: D:4-7

Altars:
Makhleb
Sif Muna

Shops:
D:4 }

Annotations:
D:3 3 runed translucent doors, Descartes's ghost, amateur VSBe


Innate Abilities, Weirdness & Mutations

You are very small and have problems with some larger weapons.
You are too small for most types of armour.
You have supernaturally acute eyesight. (SInv)
You are a herbivore.
You cover ground extremely quickly.
You need to consume almost no food.


Message History

You hit the jackal but do no damage. The jackal misses you.
The jackal closely misses you.
You hit the jackal but do no damage. The jackal closely misses you.
The jackal barely misses you.
Casting: Magic Dart (safe; 3% risk of failure)
Confirm with . or Enter, or press ? or * to list all spells.
Aiming: Magic Dart (safe; 3% risk of failure)
Press: ? - help, Shift-Dir - straight line, f - jackal, p - jackal
Aim: a jackal The magic dart hits the jackal.
The jackal is severely wounded.
You hear the slow rusting of a distant drain.
You feel sick.
The jackal misses you. x2; The jackal bites you.
* * * LOW HITPOINT WARNING * * *
The jackal closely misses you.
You hit the jackal.
The jackal is almost dead.
The jackal bites you but does no damage.
The jackal barely misses you. The orc hits you with a +0 club.
You die...

##.### #.##
#..#
######.##
#.......#
#.....o.##
#......s.#
########o##
#@h# ##h#
.# .. #.#
.. ..+ ..+


You could see a scorpion, 2 orcs and 2 jackals.

Vanquished Creatures
  A hound (D:2)
  2 orc wizards (D:3)
  5 adders
  2 gnolls
  A leopard gecko (D:2)
  2 orcs
  3 giant cockroaches
  4 goblins
  8 hobgoblins
  16 jackals
  A quokka (D:2)
  7 bats
  5 frilled lizards
  7 kobolds
  8 rats
72 creatures vanquished.

Notes
Turn   | Place    | Note
-------+----------+-------------------------------------------
     0 | D:1      | BreadTh the Spriggan Wizard began the quest for the Orb.
     0 | D:1      | Reached XP level 1. HP: 9/9 MP: 6/6
   219 | D:1      | Reached skill level 1 in Conjurations
   268 | D:1      | Reached XP level 2. HP: 14/14 MP: 0/8
   274 | D:1      | Learned a level 2 spell: Blink
   660 | D:1      | Reached XP level 3. HP: 8/17 MP: 1/9
  1666 | D:2      | Learned a level 3 spell: Mephitic Cloud
  1670 | D:2      | Learned a level 3 spell: Conjure Flame
  1817 | D:2      | Found a burning altar of Makhleb.
  1870 | D:2      | Reached skill level 1 in Fighting
  1870 | D:2      | Reached XP level 4. HP: 18/22 MP: 0/11
  3132 | D:3      | Reached XP level 5. HP: 25/25 MP: 7/13
  3177 | D:3      | Learned a level 3 spell: Confuse
  3276 | D:3      | Found a runed translucent gate.
  3276 | D:3      | Found a runed translucent gate.
  3276 | D:3      | Found a runed translucent gate.
  3280 | D:3      | Noticed Descartes's ghost (amateur VSBe)
  3452 | D:3      | Found a deep blue altar of Sif Muna.
  3628 | D:3      | Identified Sif Muna's Papyrus of the Pill Bug
  3633 | D:3      | Learned a level 1 spell: Shock
  4279 | D:4      | Found Apluedd's Gadget Emporium.
  4329 | D:4      | Slain by an orc

Skill      XL: |  1  2  3  4 |
---------------+-------------+-----
Conjurations   | 1 2 |  2.5
Fighting       | 1 |  1.1
Stealth        | 4 |  4.7
Dodging        | 4 |  4.5
Spellcasting   | |  4.9
Hexes          | |  0.2
Summonings     | |  0.7
Translocations | |  1.5

Action                   |  1- 3 |  4- 6 || total
-------------------------+-------+-------++-------
Melee: Club              |     6 |       ||     6
       Dagger            |    63 |    13 ||    76
 Cast: Magic Dart        |    94 |   125 ||   219
       Mephitic Cloud    |     1 |       ||     1
       Blink             |       |     2 ||     2
  Use: Scroll            |       |     6 ||     6
 Stab: Sleeping          |       |     1 ||     1
  Eat: Ration            |       |     1 ||     1
Armor: Robe              |    10 |    10 ||    20
Dodge: Dodged            |    92 |    32 ||   124
